 Dungeon Crawl Stone Soup version 0.23.2-1-ga50397a6bc (webtiles) character file.

Game seed: 7898431888306396166

269085 MisterOstroum the Carver (level 20, -5/238 HPs)
             Began as a Gnoll Berserker on May 16, 2019.
             Was a High Priest of Trog.
             Slain by a deep troll (10 damage)
             ... led by an ironheart preserver
             ... on level 1 of the Vaults on May 18, 2019.
             The game lasted 08:07:06 (52709 turns).

MisterOstroum the Carver (Gnoll Berserker)         Turns: 52709, Time: 08:07:07

Health: -5/238     AC: 30    Str: 26    XL:     20   Next: 17%
Magic:  37/37      EV:  2    Int:  9    God:    Trog [*****.]
Gold:   2006       SH:  0    Dex: 28    Spells: 45/45 levels left

rFire    . . .     SeeInvis .   a - +9 scimitar (slice)
rCold    . . .     Gourm    .   (no shield)
rNeg     + + +     Faith    .   (armour currently unavailable)
rPois    +         Spirit   .   (helmet currently unavailable)
rElec    .         Reflect  .   (cloak currently unavailable)
rCorr    .         Harm     .   (gloves currently unavailable)
MR       +....     NoTele   +   (boots currently unavailable)
Stlth    +++++++...             X - amulet of regeneration
HPRegen  0.89/turn              r - +5 ring of evasion
MPRegen  0.25/turn              Y - ring of positive energy

@: mighty, agile, lethally poisoned (-5 -> -8), tree-form, berserk cooldown,
slowed, very slow
A: distributed training, strong nose
}: 2/15 runes: barnacled, gossamer
a: Berserk, Trog's Hand, Brothers in Arms, Renounce Religion


You were on level 1 of the Vaults.
You worshipped Trog.
Trog was extremely pleased with you.
You were full.
You were a tree.
You visited 7 branches of the dungeon, and saw 34 of its levels.
You also visited: Gauntlet.

You collected 4317 gold pieces.
You spent 2311 gold pieces at shops.

Inventory:

Hand Weapons
 a - a +9 scimitar of slicing (weapon)
 b - a +6 hunting sling of flaming
 c - a +8 blowgun
Missiles
 d - 41 poisoned needles
 C - 248 sling bullets
 M - 8 poisoned javelins (quivered)
 T - 9 needles of confusion
Armour
 A - a +2 pair of gloves (melded)
 B - the +0 pair of boots "Giuttoll" (melded) {Int+2 SInv}
   (You bought it in a shop on level 15 of the Dungeon)

   It affects your intelligence (+2).
   It lets you see invisible.
 E - the +5 robe "Wos Nium" (melded) {rF+ rC+}
   (You found it on level 4 of the Shoals)

   It protects you from fire.
   It protects you from cold.
 K - the +0 helmet "Gurhagua" (melded) {+Blink rPois MR+}
   (You bought it in a shop on level 2 of the Orcish Mines)

   It protects you from poison.
   It affects your resistance to hostile enchantments.
   It lets you blink.
 U - a +2 cloak (melded)
Jewellery
 f - an uncursed ring of flight
 m - an uncursed ring of protection from magic
 r - a +5 ring of evasion (left branch)
 w - an uncursed ring of poison resistance
 H - an uncursed ring of protection from fire
 X - an amulet of regeneration (around neck)
 Y - a ring of positive energy (right branch)
 Z - the ring "Kaemoy" {-Tele rElec rF+ MR++ Int-5 Stlth+}
   (You found it on level 3 of the Shoals)

   [ring of protection from fire]

   It affects your intelligence (-5).
   It protects you from fire.
   It insulates you from electricity.
   It affects your resistance to hostile enchantments.
   It prevents most forms of teleportation.
   It makes you more stealthy.
Wands
 o - a wand of paralysis (19)
 s - a wand of clouds (19)
 v - a wand of polymorph (6)
 N - a wand of iceblast (12)
 O - a wand of enslavement (8)
 R - a wand of flame (10)
Scrolls
 h - 3 scrolls of magic mapping {@r5 !r}
 i - 5 scrolls of fear {!r}
 l - a scroll of enchant armour
 u - 4 scrolls of fog {!r}
 F - 2 scrolls of silence
 G - 10 scrolls of teleportation {@r3 !r}
 I - a scroll of summoning
Potions
 g - 4 potions of haste {@q4 !q}
 k - 4 potions of might {@q3 !q}
 p - 5 potions of mutation
 x - 2 potions of flight
 D - 2 potions of agility {@q5 !q}
 J - a potion of invisibility
 L - 4 potions of resistance
 P - a potion of brilliance
 Q - 6 potions of heal wounds {@q2 !q}
 S - a potion of lignification {@q6}
 V - 12 potions of curing {@q1 !q}
Miscellaneous
 j - a lightning rod (4/4)
 q - a phial of floods
Comestibles
 e - 32 rations


   Skills:
 + Level 14.3 Fighting
 + Level 13.0 Short Blades
 + Level 14.3 Long Blades
 + Level 13.0 Axes
 + Level 13.0 Maces & Flails
 + Level 13.0 Polearms
 + Level 13.0 Staves
 + Level 13.0 Slings
 + Level 13.0 Bows
 + Level 13.0 Crossbows
 + Level 13.0 Throwing
 + Level 13.7 Armour
 + Level 13.7 Dodging
 + Level 13.0 Stealth
 + Level 13.0 Shields
 + Level 13.0 Unarmed Combat
 + Level 13.0 Spellcasting
 + Level 11.2 Conjurations
 + Level 11.2 Hexes
 + Level 11.2 Charms
 + Level 11.2 Summonings
 + Level 11.2 Necromancy
 + Level 11.2 Translocations
 + Level 11.2 Transmutations
 + Level 11.2 Fire Magic
 + Level 11.2 Ice Magic
 + Level 11.2 Air Magic
 + Level 11.2 Earth Magic
 + Level 11.2 Poison Magic
 + Level 14.0 Invocations
 + Level 13.0 Evocations


You had 45 spell levels left.
You didn't know any spells.
Your spell library was empty.

Dungeon Overview and Level Annotations

Branches:
Dungeon (15/15)            Temple (0/1) D:6            Lair (6/6) D:9
 Shoals (4/4) Lair:4       Spider (4/4) Lair:3        Slime (1/5) Lair:5
    Orc (2/2) D:10            Elf (0/3) Orc:2        Vaults (2/5) D:13
 Depths (0/5) D:15
  Crypt: Vaults:2-3

Altars:
Ashenzari
Cheibriados
Dithmenos
Elyvilon
Gozag
Hepliaklqana
Kikubaaqudgha
Makhleb
Okawaru
Ru
Wu Jian
Xom
Beogh
Jiyva

Shops:
D:4 [??(   D:6 !   D:12 *   D:15 [   Orc:2 *[=(   Shoals:1 (   Shoals:4 =

Portals:
Trove: D:11 (give 2 scrolls of acquirement)

Annotations:
Lair:1 exclusion: orange crystal statue
Lair:5 3 runed translucent doors, Reaw's ghost, journeyman MiFi
Lair:6 loot
Spider:1 1 runed translucent door, Renjy's ghost, journeyman GrEE


Innate Abilities, Weirdness & Mutations

Your experience applies equally to all skills.
((You have very sharp teeth.))
Your uncanny sense of smell can sniff out nearby items.


Message History

The ironheart preserver is almost dead.
The yaktaur misses you.
You riposte.
You hit the yaktaur.
The yaktaur is lightly wounded.
The ironheart preserver hits you with a +2 dire flail of protection!
The vault warden misses you.
You riposte.
You hit the vault warden.
The vault warden is lightly wounded.
The yaktaur completely misses you.
You riposte.
You carve the yaktaur like a ham!!! Your punch misses the yaktaur.
The yaktaur is heavily wounded.
You kill the ironheart preserver!
Trog accepts your kill.
Trog appreciates your killing of a magic user.
You barely miss the yaktaur. You punch the yaktaur!
Your bite misses the yaktaur.
The yaktaur is almost dead.
The deep troll closely misses you. The deep troll completely misses you.
The deep troll misses you.
The vault warden hits you with a +0 war axe of venom!!
The yaktaur completely misses you.
You riposte.
You slice the yaktaur!!
You kill the yaktaur!
Trog accepts your kill.
You hit the vault warden. The vault warden blocks your attack.
The vault warden is lightly wounded.
The vault warden misses you. The deep troll bites you!!
The deep troll closely misses you. The deep troll misses you.
You are too injured to fight recklessly!
You are too injured to fight recklessly!
You are too injured to fight recklessly!
You are too injured to fight recklessly!
You are too injured to fight recklessly!
You are too injured to fight recklessly!
You are too injured to fight recklessly!
Put on which piece of jewellery? (? for menu, Esc to quit)
You're wearing all the rings you can.
Remove which one? (? for menu, Esc to cancel) < or
r - a +5 ring of evasion > or
Z - the ring "Kaemoy" {-Tele rElec rF+ MR++ Int-5 Stlth+} You remove the ring "Kaemoy" {-Tele rElec rF+ MR++ Int-5 Stlth+}.
Y - a ring of positive energy (right hand)
The deep troll bites you. The deep troll closely misses you.
The deep troll claws you. The deep troll completely misses you.
The deep troll misses you. The deep troll completely misses you.
The vault warden hits you with a +0 war axe of venom!
You blink.
You feel slightly less full. The deep troll bites you!
The deep troll completely misses you.
The deep troll claws you but does no damage.
The vault warden activates a sealing rune.
You blink.
You feel slightly less full. The deep troll misses you.
You riposte.
You hit the deep troll. You bite the deep troll.
The deep troll is lightly wounded.
The deep troll completely misses you. x2; The deep troll closely misses you.
The deep troll completely misses you. x2
Really quaff
Q - 7 potions of heal wounds {@q2 !q}?
You feel much better. The deep troll misses you.
The deep troll completely misses you. The deep troll barely misses you.
The vault warden hits you with a +0 war axe of venom!!
The deep troll misses you. The deep troll barely misses you.
The deep troll completely misses you.
You hear a horrible gurgling sound!
The deep troll barely misses you. The deep troll closely misses you. x2
Really quaff
k - 5 potions of might {@q3 !q}? [Y]es or [N]o only, please.
Really quaff
k - 5 potions of might {@q3 !q}?
You feel very mighty all of a sudden.
The runic seals fade away.
The vault warden activates a sealing rune.
The deep troll barely misses you. x2; The deep troll completely misses you.
The vault warden completely misses you.
Really quaff
D - 3 potions of agility {@q5 !q}?
You feel agile all of a sudden. The deep troll completely misses you.
The deep troll claws you but does no damage.
The deep troll closely misses you. The vault warden completely misses you.
You riposte.
You slice the vault warden!!
The vault warden is moderately wounded.
The deep troll completely misses you. The deep troll misses you. x2
Really quaff the potion of lignification?
You turn into a tree.
Your +2 cloak melds into your body.
The +0 helmet "Gurhagua" {+Blink rPois MR+} melds into your body.
Your +2 pair of gloves melds into your body.
The +0 pair of boots "Giuttoll" {Int+2 SInv} melds into your body.
The +5 robe "Wos Nium" {rF+ rC+} melds into your body.
Your roots penetrate the ground.
The vault warden hits you with a +0 war axe of venom!!!
* * * LOW HITPOINT WARNING * * *
You are poisoned.
You hear a horrible gurgling sound!
You hear a shout!
You hear a horrible gurgling sound! x3
You slash the vault warden! You punch the vault warden.
The vault warden is heavily wounded.
You feel sick.
You hear a horrible gurgling sound!
You hear a shout!
The deep troll bites you!
* * * LOW HITPOINT WARNING * * *
The deep troll claws you but does no damage. x2
The vault warden hits you with a +0 war axe of venom!!
* * * LOW HITPOINT WARNING * * *
The deep troll bites you but does no damage.
The deep troll claws you!
You die...

#......##.....# ....
#...>.. ####'#####.....#
.... #######
...............# ...
...............####+##+##
...............#........#
..............†#[.......#
..............)+).))(...#
################TT..(...#
.# #♣p.)....# .#
########.# .# # .# .# .#
.# .# .#


You could see a vault warden and 2 deep trolls.

Vanquished Creatures
  Nikola (Spider:3)
  Rupert (Lair:5)
  A kraken (Shoals:2)
  The ghost of brae the Bludgeoner, an adept HuBe of Trog (D:15)
  Roxanne (D:14)
  4 ghost moths (Spider:4)
  An orc warlord (Orc:2)
  2 frost giants
  4 vault wardens (Vaults:1)
  4 emperor scorpions
  A juggernaut zombie (D:15)
  A ghoul (Vaults:1)
  5 ironheart preservers (Vaults:1)
  4 entropy weavers
  Azrael (Orc:2)
  5 spark wasps
  Josephine (D:14)
  An ettin (Orc:1)
  5 merfolk javelineers (Shoals:4)
  2 fire dragons (Vaults:1)
  8 merfolk impalers
  A yaktaur captain (D:15)
  A hydra (Lair:5)
  A rakshasa (Vaults:1)
  3 merfolk avatars
  3 vault guards
  5 centaur warriors
  8 merfolk aquamancers
  2 satyrs (Shoals:3)
  4 alligator snapping turtles
  5 two-headed ogres
  2 deep troll shamans (Vaults:1)
  An ogre mage (D:15)
  2 queen ants
  A death knight (Vaults:1)
  A vampire mage (D:15)
  A tengu warrior (D:15)
  2 death yaks (Lair:5)
  4 orc high priests (Orc:2)
  A deep troll earth mage (Vaults:1)
  Sonja (Lair:5)
  A shadow wraith (Vaults:1)
  18 sea snakes
  A skeletal warrior (D:15)
  4 sixfirhies (Gauntlet)
  5 unseen horrors
  2 deep trolls (Vaults:1)
  4 lindwurms (Lair:6)
  A wizard (Vaults:1)
  A deep elf archer (Vaults:1)
  A necromancer (D:15)
  6 ironbrand convokers
  2 deep elf magi (D:15)
  7 orc knights
  A sphinx zombie (D:15)
  15 harpies
  31 wolf spiders
  3 orc sorcerers (Orc:2)
  21 orb spiders
  13 ugly things
  12 fauns
  6 cyclopes
  11 manticores
  5 moths of wrath
  7 water nymphs
  A spriggan zombie (D:15)
  3 centaur zombies
  8 merfolk sirens
  13 elephants
  A water nymph (shapeshifter) (Vaults:1)
  5 black mambas
  A stone giant skeleton (D:15)
  3 gargoyles
  11 spiny frogs
  5 torpor snails
  2 vault sentinels (D:13)
  5 centaur skeletons
  9 komodo dragons
  An efreet (D:13)
  4 rime drakes
  3 kobold demonologists
  5 yaktaurs (Vaults:1)
  2 freezing wraiths (D:13)
  12 demonic crawlers
  A minotaur zombie (Gauntlet)
  A harpy zombie (D:15)
  11 wind drakes
  32 jumping spiders
  46 merfolk
  3 queen bees
  3 meliai (D:14)
  6 trolls
  2 guardian mummies
  10 hornets
  3 polar bears
  8 dream sheep
  8 snapping turtles
  15 hippogriffs
  17 slime creatures
  21 blink frogs
  A stone giant simulacrum (Vaults:1)
  30 tarantellas
  8 wyverns
  2 shadows
  11 water elementals
  92 redbacks
  3 vampires
  6 wraiths
  66 yaks
  A hog (shapeshifter) (D:15)
  8 basilisks
  A human (shapeshifter) (Vaults:1)
  2 steam dragons
  5 hungry ghosts
  2 fire elementals (Orc:1)
  A yaktaur simulacrum (Vaults:1)
  3 wargs
  A human simulacrum (Vaults:1)
  2 acid dragons (D:13)
  19 soldier ants
  11 water moccasins
  3 hell hounds
  2 hornet zombies
  12 porcupines
  40 orc warriors
  4 sky beasts
  A necrophage (D:8)
  A swamp drake (Lair:5)
  An eye of draining (D:12)
  6 phantoms
  4 ice beasts
  17 ogres
  4 boggarts (Vaults:1)
  20 centaurs
  5 wolves
  10 crocodiles
  5 big kobolds
  15 bullfrogs
  An ogre simulacrum (Vaults:1)
  A water moccasin zombie (D:7)
  5 scorpions
  82 killer bees
  4 electric eels
  2 howler monkeys
  8 wights
  11 crimson imps
  3 lava snakes (Lair:1)
  2 quasits
  26 orc priests
  11 hounds
  17 jellies
  A gnoll shaman (D:5)
  21 orc wizards
  4 bullfrog skeletons
  3 iguanas
  Natasha (thrice) (D:2)
  35 worker ants
  A hell rat (Lair:3)
  A killer bee zombie (D:10)
  A hound skeleton (D:4)
  8 gnolls
  11 adders
  2 river rats
  4 white imps (D:11)
  2 oozes
  An adder zombie (D:9)
  2 adder skeletons
  A worm (D:2)
  3 dart slugs
  8 leopard geckos
  93 orcs
  A ball python (D:3)
  7 giant cockroaches
  8 goblins
  5 hobgoblins
  4 jackals (D:10)
  23 kobolds
  A quokka (shapeshifter) (Vaults:1)
  2 quokkas
  4 bats
  4 frilled lizards
  A jackal zombie (D:9)
  3 leopard gecko skeletons
  A quokka skeleton (D:6)
  8 rats
  3 plants (Shoals:4)
1440 creatures vanquished.

Vanquished Creatures (collateral kills)
  An emperor scorpion (Spider:4)
  A minotaur (Gauntlet)
  A centaur warrior (Vaults:1)
  A fire crab (D:15)
  A deep elf archer (D:15)
  A deep elf mage (D:15)
  A moth of wrath (Spider:4)
  A vault sentinel (Vaults:1)
  A minotaur zombie (Gauntlet)
  A komodo dragon (Lair:2)
  A freezing wraith (D:15)
  A demonic crawler (Spider:3)
  A queen bee (Lair:3)
  2 hornets (Spider:4)
  A slime creature (Vaults:1)
  A blink frog (Lair:3)
  A yak (Lair:3)
  A porcupine (Lair:2)
  A centaur (Vaults:1)
  5 killer bees (Lair:3)
25 creatures vanquished.

Vanquished Creatures (others)
  A sea snake (Shoals:2)
  A wolf spider (Spider:2)
  A yaktaur (Vaults:1)
  A bush (Lair:6)
  12 fungi
  19 plants
  59 tentacles
94 creatures vanquished.

Grand Total: 1559 creatures vanquished

Notes
Turn   | Place    | Note
-------+----------+-------------------------------------------
     0 | D:1      | MisterOstroum the Gnoll Berserker began the quest for the
                  | Orb.
     0 | D:1      | Reached XP level 1. HP: 23/23 MP: 1/1
   251 | D:1      | Reached XP level 2. HP: 28/29 MP: 2/2
   569 | D:1      | Reached XP level 3. HP: 35/35 MP: 3/3
   755 | D:2      | Noticed Natasha
   761 | D:2      | Killed Natasha
   761 | D:2      | Reached skill level 1 in Invocations
   767 | D:2      | Noticed Natasha
   781 | D:2      | Reached skill level 1 in Short Blades
   781 | D:2      | Reached skill level 1 in Axes
   781 | D:2      | Reached skill level 1 in Maces & Flails
   781 | D:2      | Reached skill level 1 in Polearms
   781 | D:2      | Reached skill level 1 in Staves
   781 | D:2      | Reached skill level 1 in Slings
   781 | D:2      | Reached skill level 1 in Bows
   781 | D:2      | Reached skill level 1 in Crossbows
   781 | D:2      | Reached skill level 1 in Throwing
   781 | D:2      | Reached skill level 1 in Stealth
   781 | D:2      | Reached skill level 1 in Shields
   781 | D:2      | Reached skill level 1 in Unarmed Combat
   781 | D:2      | Reached skill level 1 in Spellcasting
   781 | D:2      | Reached skill level 1 in Evocations
   781 | D:2      | Reached XP level 4. HP: 17/41 MP: 5/5
   786 | D:2      | Killed Natasha
   786 | D:2      | Reached ** piety under Trog
   977 | D:2      | Noticed Natasha
  1101 | D:2      | Killed Natasha
  1101 | D:2      | Reached skill level 1 in Conjurations
  1101 | D:2      | Reached skill level 1 in Hexes
  1101 | D:2      | Reached skill level 1 in Charms
  1101 | D:2      | Reached skill level 1 in Summonings
  1101 | D:2      | Reached skill level 1 in Necromancy
  1101 | D:2      | Reached skill level 1 in Translocations
  1101 | D:2      | Reached skill level 1 in Transmutations
  1101 | D:2      | Reached skill level 1 in Fire Magic
  1101 | D:2      | Reached skill level 1 in Ice Magic
  1101 | D:2      | Reached skill level 1 in Air Magic
  1101 | D:2      | Reached skill level 1 in Earth Magic
  1101 | D:2      | Reached skill level 1 in Poison Magic
  1178 | D:2      | Reached XP level 5. HP: 47/47 MP: 6/6
  2787 | D:4      | Noticed an ogre
  2814 | D:4      | Killed an ogre
  2814 | D:4      | Reached XP level 6. HP: 53/53 MP: 8/8
  2937 | D:4      | Reached skill level 5 in Armour
  2937 | D:4      | Reached skill level 5 in Dodging
  3229 | D:4      | Noticed a phantom
  3265 | D:4      | Reached XP level 7. HP: 59/59 MP: 10/10
  3932 | D:4      | Reached XP level 8. HP: 57/67 MP: 12/12
  4121 | D:4      | Found Votegg's Magic Scroll Boutique.
  4123 | D:4      | Found Xusapi's Antique Weapon Boutique.
  4123 | D:4      | Found Piveq's Armour Boutique.
  4125 | D:4      | Found Goginik's Magic Scroll Boutique.
  4129 | D:4      | Bought a scroll of identify for 20 gold pieces
  4317 | D:5      | Entered Level 5 of the Dungeon
  4469 | D:6      | Reached *** piety under Trog
  4954 | D:5      | Found an ancient bone altar of Kikubaaqudgha.
  5806 | D:6      | You fall through a shaft!
  5857 | D:6      | Found a staircase to the Ecumenical Temple.
  5898 | D:6      | Reached XP level 9. HP: 60/72 MP: 14/14
  6219 | D:6      | Found Sucij's Distillery.
  6227 | D:6      | Bought 2 potions of degeneration for 24 gold pieces
  7795 | D:7      | Found a white marble altar of Elyvilon.
  8003 | D:7      | Reached skill level 5 in Invocations
  8364 | D:8      | Reached XP level 10. HP: 12/80 MP: 17/17
  8682 | D:8      | Found a shadowy altar of Dithmenos.
  8848 | D:8      | Found an ornate altar of the Wu Jian Council.
  8927 | D:8      | Reached **** piety under Trog
  9557 | D:9      | Reached skill level 5 in Short Blades
  9557 | D:9      | Reached skill level 5 in Axes
  9557 | D:9      | Reached skill level 5 in Maces & Flails
  9557 | D:9      | Reached skill level 5 in Polearms
  9557 | D:9      | Reached skill level 5 in Staves
  9557 | D:9      | Reached skill level 5 in Slings
  9557 | D:9      | Reached skill level 5 in Bows
  9557 | D:9      | Reached skill level 5 in Crossbows
  9557 | D:9      | Reached skill level 5 in Throwing
  9557 | D:9      | Reached skill level 5 in Stealth
  9557 | D:9      | Reached skill level 5 in Shields
  9557 | D:9      | Reached skill level 5 in Unarmed Combat
  9557 | D:9      | Reached skill level 5 in Spellcasting
  9557 | D:9      | Reached skill level 5 in Evocations
  9681 | D:9      | Found a hazy altar of Hepliaklqana.
  9681 | D:9      | Found an iron altar of Okawaru.
  9686 | D:9      | Found a faded altar of an unknown god.
  9688 | D:9      | Found a sacrificial altar of Ru.
  9691 | D:9      | Found a faded altar of an unknown god.
  9763 | D:9      | Found a shimmering altar of Xom.
  9910 | D:9      | Found a staircase to the Lair.
  9910 | D:9      | Noticed an elephant
  9917 | D:10     | Entered Level 10 of the Dungeon
 10892 | D:11     | Received a gift from Trog
 11146 | D:9      | Killed an elephant
 11146 | D:9      | Reached XP level 11. HP: 87/87 MP: 19/19
 11792 | Lair:1   | Entered Level 1 of the Lair of Beasts
 12071 | Lair:1   | Reached skill level 5 in Conjurations
 12071 | Lair:1   | Reached skill level 5 in Hexes
 12071 | Lair:1   | Reached skill level 5 in Charms
 12071 | Lair:1   | Reached skill level 5 in Summonings
 12071 | Lair:1   | Reached skill level 5 in Necromancy
 12071 | Lair:1   | Reached skill level 5 in Translocations
 12071 | Lair:1   | Reached skill level 5 in Transmutations
 12071 | Lair:1   | Reached skill level 5 in Fire Magic
 12071 | Lair:1   | Reached skill level 5 in Ice Magic
 12071 | Lair:1   | Reached skill level 5 in Air Magic
 12071 | Lair:1   | Reached skill level 5 in Earth Magic
 12071 | Lair:1   | Reached skill level 5 in Poison Magic
 12076 | Lair:1   | Reached ***** piety under Trog
 12989 | Lair:1   | HP: 3/89 [killer bee (7)]
 12989 | Lair:1   | HP: 1/89 [killer bee (2)]
 13379 | Lair:1   | Received a gift from Trog
 13412 | Lair:1   | Noticed an orange crystal statue
 14256 | Lair:1   | Noticed a six-headed hydra
 15139 | Lair:2   | Reached XP level 12. HP: 96/96 MP: 22/22
 15155 | Lair:2   | HP: 4/96 [komodo dragon (14)]
 16223 | Lair:2   | Received a gift from Trog
 17358 | Lair:3   | Found the +9 staff of Olgreb {rPois}
 17426 | Lair:3   | Found a hole to the Spider Nest.
 18273 | Lair:3   | Received a gift from Trog
 19130 | Lair:3   | Reached skill level 10 in Fighting
 19130 | Lair:3   | Reached skill level 10 in Long Blades
 19685 | Lair:4   | Found a staircase to the Shoals.
 19705 | Lair:4   | Reached XP level 13. HP: 103/103 MP: 24/24
 20140 | Lair:4   | Received a gift from Trog
 21098 | Lair:5   | Noticed Sonja
 21157 | Lair:5   | Killed Sonja
 21849 | Lair:5   | Found a staircase to the Slime Pits.
 22265 | Lair:5   | Found a runed translucent gate.
 22265 | Lair:5   | Found a runed translucent gate.
 22265 | Lair:5   | Noticed a death ooze
 22266 | Lair:5   | Found a runed translucent gate.
 22266 | Lair:5   | Noticed a death ooze
 22266 | Lair:5   | Noticed Rupert
 22319 | Slime:1  | Entered Level 1 of the Pits of Slime
 22319 | Slime:1  | Noticed an azure jelly
 22529 | D:6      | Bought 2 potions of resistance for 240 gold pieces
 22529 | D:6      | Bought a potion of heal wounds for 60 gold pieces
 22529 | D:6      | Bought a potion of curing for 36 gold pieces
 22529 | D:6      | Bought a potion of cancellation for 96 gold pieces
 22529 | D:6      | Bought a potion of curing for 36 gold pieces
 22529 | D:6      | Bought a potion of heal wounds for 60 gold pieces
 22529 | D:6      | Bought a potion of curing for 36 gold pieces
 22591 | D:4      | Bought a scroll of identify for 24 gold pieces
 22591 | D:4      | Bought a scroll of identify for 24 gold pieces
 22591 | D:4      | Bought a scroll of enchant armour for 90 gold pieces
 22591 | D:4      | Bought a scroll of identify for 24 gold pieces
 22591 | D:4      | Bought a scroll of fear for 42 gold pieces
 22714 | D:10     | Found a staircase to the Orcish Mines.
 23254 | D:10     | Received a gift from Trog
 23732 | D:11     | Found a portal to a secret trove of treasure.
 23902 | D:11     | Reached XP level 14. HP: 111/111 MP: 26/26
 24470 | D:12     | Received a gift from Trog
 24959 | D:12     | Found Cetou's General Store.
 25019 | D:12     | Reached skill level 10 in Armour
 25019 | D:12     | Reached skill level 10 in Dodging
 25019 | D:12     | Received a gift from Trog
 25083 | D:12     | Received a gift from Trog
 25087 | D:12     | Noticed an entropy weaver
 25504 | Orc:1    | Entered Level 1 of the Orcish Mines
 25972 | Orc:1    | Found a roughly hewn altar of Beogh.
 26239 | Orc:2    | Entered Level 2 of the Orcish Mines
 26464 | Orc:2    | Found a staircase to the Elven Halls.
 26600 | Orc:2    | Noticed Azrael
 26865 | Lair:6   | Entered Level 6 of the Lair of Beasts
 26884 | Lair:5   | Received a gift from Trog
 27069 | Lair:5   | Killed Rupert
 27069 | Lair:5   | Reached skill level 10 in Invocations
 27082 | Lair:5   | Noticed Reaw's ghost (journeyman MiFi)
 27084 | Lair:5   | Found a viscous altar of Jiyva.
 28151 | Lair:6   | Received a gift from Trog
 28261 | Lair:6   | Reached XP level 15. HP: 31/119 MP: 24/28
 28292 | Lair:6   | Got a distressingly furry robe
 29470 | Lair:6   | Identified the Papyrus of the Glacier
 29474 | Lair:6   | Got a steaming great sword
 29476 | Lair:6   | Got a steaming rapier
 29484 | Lair:5   | Identified the +9 great sword "Vashuv" {venom, *Slow Int+5}
                  | (You found it on level 6 of the Lair of Beasts)
 29608 | D:10     | Identified the +5 rapier of Gipaixuy {vamp, +Inv rPois MR-
                  | Dex+7} (You found it on level 6 of the Lair of Beasts)
 31082 | D:13     | Received a gift from Trog
 31345 | D:13     | Reached skill level 10 in Short Blades
 31345 | D:13     | Reached skill level 10 in Axes
 31345 | D:13     | Reached skill level 10 in Maces & Flails
 31345 | D:13     | Reached skill level 10 in Polearms
 31345 | D:13     | Reached skill level 10 in Staves
 31345 | D:13     | Reached skill level 10 in Slings
 31345 | D:13     | Reached skill level 10 in Bows
 31345 | D:13     | Reached skill level 10 in Crossbows
 31345 | D:13     | Reached skill level 10 in Throwing
 31345 | D:13     | Reached skill level 10 in Stealth
 31345 | D:13     | Reached skill level 10 in Shields
 31345 | D:13     | Reached skill level 10 in Unarmed Combat
 31345 | D:13     | Reached skill level 10 in Spellcasting
 31345 | D:13     | Reached skill level 10 in Evocations
 31681 | D:13     | Found a gate to the Vaults.
 31912 | D:14     | Noticed Josephine
 31923 | D:14     | Killed Josephine
 32325 | D:14     | Identified Roxanne's Handbook of the Rocks
 32325 | D:14     | Noticed Roxanne
 32719 | D:15     | Entered Level 15 of the Dungeon
 32886 | D:15     | Got a bloodstained falchion
 32889 | D:15     | Identified the +7 falchion of Kismet {vamp, MR+} (You found
                  | it on level 15 of the Dungeon)
 32947 | D:15     | Found a runed translucent gate.
 32948 | D:15     | Found a runed translucent gate.
 32948 | D:15     | Found a runed translucent gate.
 32949 | D:15     | Found an opulent altar of Gozag.
 32950 | D:15     | Noticed a frost giant
 32950 | D:15     | Noticed brae's ghost (adept HuBe)
 32976 | D:15     | Received a gift from Trog
 32985 | D:15     | Found a gate leading to a gauntlet.
 33006 | Gauntlet | Entered a Gauntlet
 33006 | Gauntlet | Found a transporter.
 33006 | Gauntlet | Found a transporter.
 33011 | Gauntlet | Found a transporter.
 33012 | Gauntlet | Found a transporter.
 33032 | Gauntlet | Found a transporter.
 33045 | Gauntlet | Found a transporter.
 33048 | Gauntlet | Found a transporter.
 33048 | Gauntlet | Found a transporter.
 33052 | Gauntlet | Found a transporter.
 33053 | Gauntlet | Found a transporter.
 33138 | Gauntlet | Found a transporter.
 33139 | Gauntlet | Found the +8 demon blade "Bloodbane" {slice, *Rage +Rage
                  | Stlth-}
 33141 | Gauntlet | Found a transporter.
 33157 | Gauntlet | Reached XP level 16. HP: 127/127 MP: 30/30
 33175 | Gauntlet | Got a slimy gossamer ring
 33204 | Gauntlet | Identified the ring of Koxtabb {Str+4 Int+3 SInv}
 33391 | Gauntlet | Got a crystal broad axe
 33394 | D:15     | Identified the cursed +0 broad axe of Tender Mercy {chop,
                  | +Inv rPois MP+9 Str-4} (You found it in a Gauntlet)
 33408 | D:15     | Identified the ring of Poxt {rElec rN+ MP+9 Dex+8 Slay-6}
                  | (You found it in a Gauntlet)
 33442 | D:15     | Found a staircase to the Depths.
 33517 | D:15     | Found Kumar's Antique Armour Emporium.
 33526 | D:15     | Bought a pair of runed gloves for 195 gold pieces
 33526 | D:15     | Bought a pair of slimy boots for 247 gold pieces
 33549 | D:15     | Identified the +0 pair of boots "Giuttoll" {Int+2 SInv}
                  | (You bought it in a shop on level 15 of the Dungeon)
 33786 | D:15     | Reached ****** piety under Trog
 34422 | Orc:1    | Received a gift from Trog
 34567 | Orc:2    | Killed Azrael
 34602 | Orc:2    | Received a gift from Trog
 34846 | Orc:2    | Received a gift from Trog
 35944 | Orc:2    | Found Migudgh's Antique Armour Boutique.
 35945 | Orc:2    | Found Caechot's Antique Weapon Shop.
 35946 | Orc:2    | Found Notur's General Store.
 35946 | Orc:2    | Found Qiaroso's Jewellery Boutique.
 35961 | Orc:2    | Bought a glowing triple sword for 325 gold pieces
 35962 | Orc:2    | Bought a faintly glowing helmet for 323 gold pieces
 35976 | Orc:2    | Identified the +0 helmet "Gurhagua" {+Blink rPois MR+} (You
                  | bought it in a shop on level 2 of the Orcish Mines)
 35988 | Orc:2    | Bought a scroll of identify for 20 gold pieces
 36380 | Spider:1 | Entered Level 1 of the Spider Nest
 36459 | Spider:1 | Received a gift from Trog
 36517 | Spider:1 | Found a runed translucent door.
 36517 | Spider:1 | Found a shimmering altar of Xom.
 36517 | Spider:1 | Noticed Renjy's ghost (journeyman GrEE)
 37495 | Spider:2 | Reached XP level 17. HP: 135/135 MP: 32/32
 37513 | Spider:2 | Received a gift from Trog
 37741 | Spider:2 | Received a gift from Trog
 38847 | Spider:3 | Identified a scroll of acquirement
 39380 | Spider:3 | Noticed Nikola
 39401 | Spider:3 | Killed Nikola
 39935 | Spider:3 | Received a gift from Trog
 40505 | D:15     | Killed brae's ghost
 40874 | D:14     | Killed Roxanne
 41074 | D:12     | Bought 7 needles of confusion for 52 gold pieces
 41074 | D:12     | Bought 3 scrolls of enchant weapon for 337 gold pieces
 41571 | Spider:4 | Entered Level 4 of the Spider Nest
 42139 | Spider:4 | Reached skill level 10 in Conjurations
 42139 | Spider:4 | Reached skill level 10 in Hexes
 42139 | Spider:4 | Reached skill level 10 in Charms
 42139 | Spider:4 | Reached skill level 10 in Summonings
 42139 | Spider:4 | Reached skill level 10 in Necromancy
 42139 | Spider:4 | Reached skill level 10 in Translocations
 42139 | Spider:4 | Reached skill level 10 in Transmutations
 42139 | Spider:4 | Reached skill level 10 in Fire Magic
 42139 | Spider:4 | Reached skill level 10 in Ice Magic
 42139 | Spider:4 | Reached skill level 10 in Air Magic
 42139 | Spider:4 | Reached skill level 10 in Earth Magic
 42139 | Spider:4 | Reached skill level 10 in Poison Magic
 42563 | Spider:4 | Reached XP level 18. HP: 113/143 MP: 33/33
 42597 | Spider:4 | Received a gift from Trog
 42858 | Spider:4 | Received a gift from Trog
 43541 | Spider:4 | Got a gossamer rune of Zot
 44141 | Shoals:1 | Entered Level 1 of the Shoals
 44141 | Shoals:1 | Found a snail-covered altar of Cheibriados.
 44355 | Shoals:1 | Found Ariamn's Weapon Boutique.
 44430 | Shoals:2 | Found a burning altar of Makhleb.
 45037 | Shoals:1 | Found a shattered altar of Ashenzari.
 45346 | Shoals:2 | Received a gift from Trog
 47075 | Shoals:3 | Received a gift from Trog
 47082 | Shoals:3 | Got a bound silver ring
 47085 | Shoals:3 | Identified the ring "Kaemoy" {-Tele rElec rF+ MR++ Int-5
                  | Stlth+} (You found it on level 3 of the Shoals)
 47238 | Shoals:3 | Reached XP level 19. HP: 79/151 MP: 35/35
 47869 | Shoals:4 | Entered Level 4 of the Shoals
 48813 | Shoals:4 | Got a pair of ichor-stained boots
 48824 | Shoals:4 | Identified the +0 pair of boots of Imperfection {Str+4
                  | Int-3 Stlth+} (You acquired it on level 4 of the Shoals)
 48835 | Shoals:4 | Got a barnacled rune of Zot
 49180 | Shoals:4 | Got a distressingly furry robe
 49196 | Shoals:4 | Found Heyrot's Jewellery Boutique.
 49220 | Shoals:4 | Identified the +1 robe "Etitan" {Str+4} (You found it on
                  | level 4 of the Shoals)
 49317 | Shoals:4 | Received a gift from Trog
 50066 | Shoals:4 | Identified the +5 robe "Wos Nium" {rF+ rC+} (You found it
                  | on level 4 of the Shoals)
 50639 | Vaults:1 | Entered Level 1 of the Vaults
 50677 | Vaults:1 | Received a gift from Trog
 52047 | Vaults:1 | Reached XP level 20. HP: 159/159 MP: 36/36
 52168 | Vaults:1 | Received a gift from Trog
 52709 | Vaults:1 | HP: 5/238 [vault warden/+0 war axe of venom (33)]
 52709 | Vaults:1 | Slain by a deep troll

Skill      XL: |  1  2  3  4  5  6  7  8  9 10 11 12 13 14 15 16 17 18 19 20 |
---------------+-------------------------------------------------------------+-----
Invocations    | 1 2 3 4 5 6 7 8 9 10 11 12 13 14 | 14.0
Short Blades   | 1 2 3 4 5 6 7 8 9 10 11 12 13 | 13.0
Axes           | 1 2 3 4 5 6 7 8 9 10 11 12 13 | 13.0
Maces & Flails | 1 2 3 4 5 6 7 8 9 10 11 12 13 | 13.0
Polearms       | 1 2 3 4 5 6 7 8 9 10 11 12 13 | 13.0
Staves         | 1 2 3 4 5 6 7 8 9 10 11 12 13 | 13.0
Slings         | 1 2 3 4 5 6 7 8 9 10 11 12 13 | 13.0
Bows           | 1 2 3 4 5 6 7 8 9 10 11 12 13 | 13.0
Crossbows      | 1 2 3 4 5 6 7 8 9 10 11 12 13 | 13.0
Throwing       | 1 2 3 4 5 6 7 8 9 10 11 12 13 | 13.0
Stealth        | 1 2 3 4 5 6 7 8 9 10 11 12 13 | 13.0
Shields        | 1 2 3 4 5 6 7 8 9 10 11 12 13 | 13.0
Unarmed Combat | 1 2 3 4 5 6 7 8 9 10 11 12 13 | 13.0
Spellcasting   | 1 2 3 4 5 6 7 8 9 10 11 12 13 | 13.0
Evocations     | 1 2 3 4 5 6 7 8 9 10 11 12 13 | 13.0
Conjurations   | 1 2 3 4 5 6 7 8 9 10 11 | 11.2
Hexes          | 1 2 3 4 5 6 7 8 9 10 11 | 11.2
Charms         | 1 2 3 4 5 6 7 8 9 10 11 | 11.2
Summonings     | 1 2 3 4 5 6 7 8 9 10 11 | 11.2
Necromancy     | 1 2 3 4 5 6 7 8 9 10 11 | 11.2
Translocations | 1 2 3 4 5 6 7 8 9 10 11 | 11.2
Transmutations | 1 2 3 4 5 6 7 8 9 10 11 | 11.2
Fire Magic     | 1 2 3 4 5 6 7 8 9 10 11 | 11.2
Ice Magic      | 1 2 3 4 5 6 7 8 9 10 11 | 11.2
Air Magic      | 1 2 3 4 5 6 7 8 9 10 11 | 11.2
Earth Magic    | 1 2 3 4 5 6 7 8 9 10 11 | 11.2
Poison Magic   | 1 2 3 4 5 6 7 8 9 10 11 | 11.2
Armour         | 5 6 7 8 9 10 11 12 13 | 13.7
Dodging        | 5 6 7 8 9 10 11 12 13 | 13.7
Fighting       | 7 8 9 10 11 12 13 14 | 14.3
Long Blades    | 7 8 9 10 11 12 13 14 | 14.3

Action                   |  1- 3 |  4- 6 |  7- 9 | 10-12 | 13-15 | 16-18 | 19-21 || total
-------------------------+-------+-------+-------+-------+-------+-------+-------++-------
Melee: Falchion          |    54 |   114 |   337 |       |       |       |       ||   505
       Bite              |     1 |    16 |    64 |   105 |   208 |   191 |   131 ||   716
       Punch             |       |     1 |     7 |    27 |    91 |   130 |    73 ||   329
       Scimitar          |       |       |       |   512 |   988 |   471 |   605 ||  2576
       Great sword       |       |       |       |       |     3 |       |       ||     3
       Demon blade       |       |       |       |       |       |   508 |       ||   508
 Fire: Shortbow          |       |       |    46 |    73 |       |       |       ||   119
       Hunting sling     |       |       |    11 |   161 |   106 |   711 |    57 ||  1046
       Blowgun           |       |       |       |   101 |   195 |   373 |   117 ||   786
Throw: Stone             |       |     4 |    13 |    26 |    27 |       |       ||    70
       Throwing net      |       |       |     2 |       |     3 |       |     1 ||     6
       Javelin           |       |       |       |    36 |   109 |   266 |    64 ||   475
       Tomahawk          |       |       |       |       |   257 |    13 |       ||   270
Invok: Berserk           |     1 |     2 |     6 |    13 |    23 |    15 |    20 ||    80
       Trog's Hand       |       |       |     2 |     6 |     3 |     1 |     3 ||    15
       Brothers in Arms  |       |       |       |     2 |     1 |     3 |     1 ||     7
 Abil: Evoke Flight      |       |       |       |       |       |     2 |     2 ||     4
       Evoke Blink       |       |       |       |       |       |       |     8 ||     8
Evoke: Wand              |       |       |       |       |     3 |       |     5 ||     8
       Lightning rod     |       |       |       |       |       |     7 |     4 ||    11
       Phial of floods   |       |       |       |       |       |     2 |     1 ||     3
       Box of beasts     |       |       |       |       |       |     1 |     1 ||     2
  Use: Potion            |     1 |       |     2 |     9 |     3 |       |    10 ||    25
       Scroll            |       |       |     8 |    18 |    23 |    17 |     6 ||    72
 Stab: Sleeping          |       |     2 |     5 |     7 |    13 |     8 |       ||    35
       Distracted        |       |       |     1 |       |     2 |     3 |       ||     6
       Confused          |       |       |       |     2 |    11 |     2 |     5 ||    20
       Fleeing           |       |       |       |       |     1 |       |       ||     1
       Held in net/web   |       |       |       |       |       |     3 |       ||     3
  Eat: Chunk             |       |     9 |    16 |    28 |    41 |    25 |    17 ||   136
       Ration            |       |       |     3 |     7 |    10 |    11 |     8 ||    39
Armor: Animal skin       |     5 |       |       |       |       |       |       ||     5
       Leather armour    |     9 |    10 |    75 |   122 |       |       |       ||   216
       Steam dragon scal |       |       |       |     9 |   287 |   324 |    96 ||   716
       Robe              |       |       |       |       |       |       |    31 ||    31
       Skin              |       |       |       |       |       |       |     3 ||     3
Dodge: Dodged            |    62 |    67 |   206 |   508 |  1087 |  1455 |   767 ||  4152
       Rpst.: Falchion   |    24 |    26 |    66 |       |       |       |       ||   116
       Scimitar          |       |       |       |   140 |   272 |   132 |   111 ||   655
       Great sword       |       |       |       |       |     1 |       |       ||     1
       Demon blade       |       |       |       |       |       |   147 |       ||   147
